 Dungeon Crawl Stone Soup version 0.20.1-1-g8b1a95d (webtiles) character file.

185 McKennaii the Gusty (level 5, -3/28 HPs)
             Began as a Tengu Air Elementalist on Aug 3, 2017.
             Slain by Kiel97's ghost (9 damage)
             ... on level 4 of the Dungeon.
             The game lasted 00:07:46 (2640 turns).

McKennaii the Gusty (Tengu Air Elementalist)        Turns: 2640, Time: 00:07:47

Health: -3/28      AC:  2    Str:  9    XL:     5   Next: 64%
Magic:  0/10       EV: 13    Int: 16    God:
Gold:   181        SH:  0    Dex: 14    Spells: 2/10 levels left

rFire    . . .     SeeInvis .   (no weapon)
rCold    . . .     Gourm    .   (no shield)
rNeg     . . .     Faith    .   a - +0 robe
rPois    .         Spirit   .   (helmet restricted)
rElec    .         Reflect  .   (no cloak)
rCorr    .         Harm     .   (no gloves)
MR       .....                  (boots unavailable)
Stlth    +.........             (no amulet)
Regen    0.1/turn               (no ring)
MPRegen  0.2/turn               (no ring)

@: very slightly contaminated, glowing
A: beak, talons 3, able to fly 1
a: Fly


You were on level 4 of the Dungeon.
You were hungry.

You visited 1 branch of the dungeon, and saw 4 of its levels.

You collected 181 gold pieces.

Inventory:

Armour
 a - a +0 robe (worn)
Jewellery
 l - a cursed -2 ring of strength {unknown}
Scrolls
 d - 2 scrolls of remove curse {unknown}
 e - a scroll of recharging {unknown}
 h - a scroll of teleportation {unknown}
 i - a scroll of enchant armour {unknown}
 j - 2 scrolls of identify {unknown}
 o - a scroll of immolation {unknown}
Potions
 g - a potion of invisibility {unknown}
 m - a potion of might {unknown}
 n - a potion of curing {unknown}
Books
 b - a book of Air

   Spells                             Type                      Level
   a - Shock                          Conjuration/Air              1
   b - Swiftness                      Charms/Air                   2
   c - Static Discharge               Conjuration/Air              3
   d - Airstrike                      Air                          4
   e - Lightning Bolt                 Conjuration/Air              5
Comestibles
 c - 4 bread rations
 f - a royal jelly
 k - 2 meat rations


   Skills:
 + Level 3.2 Dodging
 + Level 2.3 Stealth
 + Level 3.3 Spellcasting
 + Level 3.0 Conjurations
 + Level 5.5 Air Magic


You had 2 spell levels left.
You knew the following spells:

 Your Spells              Type           Power        Failure   Level  Hunger
a - Shock                 Conj/Air       ###.         3%          1    None
b - Swiftness             Chrm/Air       ##......     9%          2    ##.....
c - Lightning Bolt        Conj/Air       ###.......   65%         5    ######.


Dungeon Overview and Level Annotations

Branches:
Dungeon (4/15)
 Temple: D:4-7

Altars:
Gozag
Nemelex Xobeh
The Shining One

Annotations:
D:4 1 runed door, Kiel97's ghost, amateur FeEn


Innate Abilities, Weirdness & Mutations

You have a beak for a mouth.
You have claws for feet.
You can fly.


Message History

Casting: Shock
Confirm with . or Enter, or press ? or * to list all spells.
Aiming: Shock
Press: ? - help, Shift-Dir - straight line The zap misses Kiel97's ghost.
The zap hits Kiel97's ghost.
Kiel97's ghost is almost destroyed.
The zap hits the worker ant.
The worker ant is moderately wounded.
Kiel97's ghost whispers, "You will understand me better in a moment."
Kiel97's ghost hits you!
Casting: Shock
Confirm with . or Enter, or press ? or * to list all spells.
Aiming: Shock
Press: ? - help, Shift-Dir - straight line The zap misses Kiel97's ghost. x2; Kiel97's ghost hits you.
* * * LOW HITPOINT WARNING * * *
Kiel97's ghost whispers, "Be very very quiet, I'm hunting Tengus."
Kiel97's ghost barely misses you. Kiel97's ghost hits you!
You die...

#######
#.....#########
#.....#.......#
#.....#.......#
#.....#.......#
#.....#.......#
#.....Wa.....#
#....@#......#
#.....###....#
#########.......#
...#
#...............#
..a'
#...............#
.##
#...............#
#
#...............#
#...........>.....
#.................


You could see a worker ant and Kiel97's ghost.

Vanquished Creatures
  Natasha (thrice) (D:3)
  4 adders
  A gnoll (D:1)
  An ooze (D:3)
  2 worms (D:3)
  2 dart slugs
  9 orcs (D:3)
  6 bats
  A goblin (D:1)
  3 hobgoblins (D:3)
  4 jackals (D:1)
  6 kobolds
  A quokka (D:4)
  2 ball pythons (D:1)
  3 rats (D:1)
48 creatures vanquished.

Notes
Turn   | Place    | Note
-------+----------+-------------------------------------------
     0 | D:1      | McKennaii the Tengu Air Elementalist began the quest for the Orb.
     0 | D:1      | Reached XP level 1. HP: 10/10 MP: 4/4
   330 | D:1      | Reached XP level 2. HP: 15/15 MP: 0/6
   452 | D:1      | Reached XP level 3. HP: 19/19 MP: 0/7
  1084 | D:2      | You fall through a shaft!
  1126 | D:3      | Noticed Natasha
  1141 | D:3      | Killed Natasha
  1242 | D:3      | Found an opulent altar of Gozag.
  1264 | D:3      | Reached skill level 5 in Air Magic
  1264 | D:3      | Reached XP level 4. HP: 24/24 MP: 5/8
  1460 | D:3      | Found a sparkling altar of Nemelex Xobeh.
  1601 | D:3      | Noticed Natasha
  1673 | D:3      | Killed Natasha
  1739 | D:3      | Gained mutation: You can fly. [Tengu growth]
  1739 | D:3      | Reached XP level 5. HP: 28/28 MP: 0/10
  1750 | D:3      | Learned a level 2 spell: Swiftness
  1756 | D:3      | Learned a level 5 spell: Lightning Bolt
  1766 | D:3      | Noticed Natasha
  1826 | D:3      | Killed Natasha
  1893 | D:3      | Found a glowing golden altar of the Shining One.
  2594 | D:4      | Found a runed door.
  2625 | D:4      | Noticed Kiel97's ghost (amateur FeEn)
  2640 | D:4      | Slain by Kiel97's ghost

Skill      XL: |  1  2  3  4  5 |
---------------+----------------+-----
Conjurations   | 2 3 |  3.0
Air Magic      | 5 |  5.5
Dodging        | 3 |  3.2
Spellcasting   | 3 |  3.3
Stealth        | |  2.3

Action                   |  1- 3 |  4- 6 || total
-------------------------+-------+-------++-------
Melee: Unarmed           |     4 |     2 ||     6
       Kick              |     2 |     2 ||     4
 Cast: Shock             |    39 |    94 ||   133
  Eat: Chunk             |     1 |     4 ||     5
Armor: Robe              |     3 |    13 ||    16
Dodge: Dodged            |    11 |    40 ||    51
